[Event "Titled Tuesday Blitz February 07 Late 2023"]
[White "Baches Garcia, Guillermo"]
[Black "Nasuta, Grzegorz"]
[WhiteFideId "2209764"]
[BlackFideId "1141686"]
[WhiteElo "2327"]
[BlackElo "2552"]
[Result "0-1"]
[Round "05"]
[TimeControl "180+2"]
[Date "2023.02.07"]
[WhiteClock "0:00:02"]
[BlackClock "0:00:12"]

1. e4 c5 2. Nf3 e6 3. d4 cxd4 4. Nxd4 a6 5. c4 Nf6 6. Nc3 Qc7 7. a3 Be7 8. Be2 b6 9. Be3 Bb7 10. f3 d6 11. O-O Nbd7 12. a4 O-O 13. a5 bxa5 14. Nb3 Rab8 15. Nxa5 Ba8 16. Qd2 Rfc8 17. Rfc1 h6 18. Bf1 h5 19. Kh1 h4 20. Qf2 Ne5 21. Ba7 Rb4 22. Bd4 Ng6 23. b3 Nh5 24. Ne2 Bf6 25. Bxf6 Nxf6 26. Qd4 Ne5 27. Qd2 Rcb8 28. Rd1 R4b6 29. Nc3 h3 30. Qe3 hxg2+ 31. Bxg2 Ng6 32. Ra2 Nh5 33. Ne2 Kf8 34. Qd4 Nhf4 35. Nxf4 Nxf4 36. Bf1 Kg8 37. Qe3 d5 38. e5 Ng6 39. c5 Rb4 40. c6 Nxe5 41. Rg2 Ng6 42. Qc5 R4b5 43. Bxb5 Rxb5 44. Qc3 Rxa5 0-1


[Site "https://www.chess.com"]

[Event "Titled Tuesday Blitz February 07 Late 2023"]
[White "reevecanada"]
[Black "Alex_Sahakyan2006"]
[WhiteElo "2474"]
[BlackElo "2733"]
[Result "0-1"]
[Round "05"]
[TimeControl "180+2"]
[Date "2023.02.07"]
[WhiteClock "0:00:19"]
[BlackClock "0:00:17"]

1. e4 c5 2. Nf3 g6 3. d4 cxd4 4. Qxd4 Nf6 5. Bb5 a6 6. e5 axb5 7. exf6 Ra4 8. Qe3 d5 9. O-O Re4 10. Qd3 exf6 11. Qxb5+ Bd7 12. Qxd5 Bc6 13. Qxd8+ Kxd8 14. Nc3 Re8 15. Rd1+ Kc8 16. Nd4 Bb4 17. Ncb5 Bxb5 18. Nxb5 Nc6 19. Bf4 Re4 20. Bg3 Rhe8 21. c3 Bf8 22. Bd6 Bh6 23. g3 Re2 24. Ba3 Bf8 25. Bxf8 Rxf8 26. Rab1 Re5 27. Nd6+ Kc7 28. Nc4 Re2 29. Ne3 Rd8 30. Rxd8 Nxd8 31. Kf1 Rd2 32. Ke1 Rd6 33. Ke2 f5 34. b3 Nc6 35. c4 Nd4+ 36. Kf1 Nf3 37. Rd1 Rxd1+ 38. Nxd1 Nxh2+ 39. Ke2 Ng4 40. Nc3 Kc6 41. b4 Ne5 42. c5 h5 43. a4 g5 44. Ke3 h4 45. Kd4 h3 46. b5+ Kc7 47. Nd5+ Kb8 48. Kxe5 h2 49. c6 bxc6 50. bxc6 h1=Q 51. Kd6 Qh6+ 52. Kc5 Qf8+ 53. Kb5 Qd6 54. Nb6 Kc7 55. Na8+ Kb8 56. Nb6 Qd3+ 57. Kc5 Qc3+ 58. Kb5 Qb2+ 59. Kc5 Qxf2+ 60. Kb5 Qb2+ 61. Kc5 Qc3+ 62. Kb5 f4 63. a5 f3 64. a6 f2 65. Nd7+ Kc7 66. a7 f1=Q+ 67. Ka4 Qa6# 0-1


[Site "https://www.chess.com"]

[Event "Titled Tuesday Blitz February 07 Late 2023"]
[White "Bozorov, Makhsum"]
[Black "Bjelobrk, Igor"]
[WhiteFideId "14201330"]
[BlackFideId "4300726"]
[WhiteElo "2145"]
[BlackElo "2403"]
[Result "0-1"]
[Round "05"]
[TimeControl "180+2"]
[Date "2023.02.07"]
[WhiteClock "0:00:17"]
[BlackClock "0:00:18"]

1. e4 e6 2. d4 d5 3. exd5 exd5 4. Bd3 c5 5. dxc5 Bxc5 6. Nf3 Nf6 7. O-O O-O 8. h3 Nc6 9. Nbd2 Re8 10. Nb3 Bb6 11. Bf4 Ne4 12. c3 Qf6 13. Qc1 Bf5 14. Bc2 Nxf2 15. Rxf2 Bxc2 16. Bg5 Qg6 17. Nbd4 Nxd4 18. Nxd4 Bxd4 19. cxd4 Rac8 20. Qd2 Be4 21. Rc1 h6 22. Bf4 Kh7 23. Kh2 f6 24. Bg3 Rc4 25. b3 Rxc1 26. Qxc1 Qf7 27. Qa3 a6 28. Qd6 Rc8 29. Qf4 Qg6 30. Rf1 Rc2 31. Rf2 Rc3 32. Rf1 Rd3 33. Rc1 Rxd4 34. Rc7 b5 35. Rc8 Rd3 36. Qb8 Qf7 37. Rh8+ Kg6 38. Rf8 Qe6 39. Qc7 Rd2 40. Rf7 Rxg2+ 0-1


[Site "https://www.chess.com"]

[Event "Titled Tuesday Blitz February 07 Late 2023"]
[White "Nilsen, Tobias Lang"]
[Black "Gascon Del Nogal, Jose Rafael"]
[WhiteFideId "1521624"]
[BlackFideId "3902463"]
[WhiteElo "2247"]
[BlackElo "2459"]
[Result "0-1"]
[Round "05"]
[TimeControl "180+2"]
[Date "2023.02.07"]
[WhiteClock "0:00:31"]
[BlackClock "0:00:31"]

1. e4 c5 2. Nf3 d6 3. d4 cxd4 4. Qxd4 Nc6 5. Bb5 a6 6. Bxc6+ bxc6 7. c4 e5 8. Qd3 Ne7 9. Nc3 Ng6 10. O-O Be7 11. Rd1 O-O 12. Ne1 f5 13. Nc2 f4 14. f3 a5 15. b3 Qc7 16. Ba3 Rd8 17. Rac1 Be6 18. Qe2 Rd7 19. Rd2 Rf8 20. Rcd1 Rfd8 21. Rd3 Nh4 22. R1d2 g5 23. Qd1 h5 24. c5 d5 25. exd5 cxd5 26. Nxd5 Bxc5+ 27. Bxc5 Qxc5+ 28. Kh1 Rxd5 29. g3 Nf5 30. gxf4 exf4 31. Qe2 Kf7 32. Rxd5 Rxd5 33. Rxd5 Qxd5 34. b4 axb4 35. Nxb4 Qd4 36. Nc2 Qc3 37. a4 Ne3 38. Nxe3 Qxe3 39. Qxe3 fxe3 40. Kg2 Bc4 41. a5 Kf6 42. Kg3 Kf5 43. Kg2 Kf4 44. h3 h4 45. Kh2 e2 46. a6 e1=Q 47. a7 Qg3+ 48. Kh1 Bd5 49. a8=Q Qxf3+ 50. Kh2 Qg2# 0-1


[Site "https://www.chess.com"]

[Event "Titled Tuesday Blitz February 07 Late 2023"]
[White "Adewumi, Tanitoluwa"]
[Black "Dzierzak, Radoslaw"]
[WhiteFideId "30966396"]
[BlackFideId "1161407"]
[WhiteElo "2283"]
[BlackElo "2220"]
[Result "1-0"]
[Round "05"]
[TimeControl "180+2"]
[Date "2023.02.07"]
[WhiteClock "0:01:34"]
[BlackClock "0:01:41"]

1. e4 c6 2. d4 d5 3. exd5 cxd5 4. Bd3 Nc6 5. c3 Nf6 6. h3 g6 7. Bf4 Bg7 8. Nf3 O-O 9. O-O Bf5 10. Be2 Ne4 11. Nbd2 Qd7 12. Re1 Rae8 13. Qc1 e5 14. dxe5 Nxe5 15. Nxe5 Bxe5 16. Bxe5 Rxe5 17. Nf3 Re7 18. Qh6 f6 19. Rad1 Qd6 20. Bc4 Be6 21. Rxe4 Qc6 22. Rxe6 Rxe6 23. Bxd5 Qe8 24. Re1 1-0


[Site "https://www.chess.com"]

[Event "Titled Tuesday Blitz February 07 Late 2023"]
[White "Gutenev, Alexander"]
[Black "Schuster, Karsten"]
[WhiteFideId "4195540"]
[BlackFideId "4611071"]
[WhiteElo "2455"]
[BlackElo "2309"]
[Result "1-0"]
[Round "05"]
[TimeControl "180+2"]
[Date "2023.02.07"]
[WhiteClock "0:01:41"]
[BlackClock "0:01:52"]

1. e4 c6 2. Nf3 d5 3. d3 g6 4. e5 Bg7 5. d4 Bg4 6. h3 Bxf3 7. Qxf3 e6 8. h4 h5 9. Bd3 Nh6 10. c3 Nf5 11. Nd2 Nd7 12. g3 Qb6 13. O-O c5 14. Nb3 c4 15. Bxf5 cxb3 16. Bd3 O-O 17. axb3 Qxb3 18. g4 hxg4 19. Qxg4 Qb6 20. h5 gxh5 21. Qxh5 Rfc8 22. Kh1 f5 23. Rg1 Kf8 24. Rxg7 Kxg7 25. Bh6+ Kh7 26. Bf8+ Kg8 27. Rg1+ Kxf8 28. Qh8+ Ke7 29. Rg7# 1-0


[Site "https://www.chess.com"]

[Event "Titled Tuesday Blitz February 07 Late 2023"]
[White "Harish, Neeraj"]
[Black "Fiorito, Joaquin"]
[WhiteFideId "30958130"]
[BlackFideId "180173"]
[WhiteElo "2232"]
[BlackElo "2405"]
[Result "0-1"]
[Round "05"]
[TimeControl "180+2"]
[Date "2023.02.07"]
[WhiteClock "0:00:07"]
[BlackClock "0:01:45"]

1. e4 c6 2. d4 d5 3. e5 Bf5 4. h4 h5 5. Bd3 Bxd3 6. Qxd3 Qa5+ 7. Nd2 e6 8. Nf3 Nh6 9. O-O Nf5 10. c4 Be7 11. b3 O-O 12. g3 Rd8 13. Bb2 c5 14. cxd5 Rxd5 15. Nc4 Qa6 16. Qe4 cxd4 17. Nxd4 Nxd4 18. Bxd4 Nc6 19. Bb2 Rad8 20. Qf3 g6 21. a4 Rd3 22. Qf4 Rxb3 23. Ba3 Rd4 24. Qh6 Qxc4 25. Bxe7 Nxe7 26. Rac1 Qd5 27. Rc7 Qd8 28. Rfc1 Rd7 29. Rxd7 Qxd7 30. Qe3 Rxe3 0-1


[Site "https://www.chess.com"]

[Event "Titled Tuesday Blitz February 07 Late 2023"]
[White "EREBUNI91"]
[Black "Gurevich, Ilya"]
[BlackFideId "2000628"]
[WhiteElo "2759"]
[BlackElo "2586"]
[Result "1-0"]
[Round "05"]
[TimeControl "180+2"]
[Date "2023.02.07"]
[WhiteClock "0:01:32"]
[BlackClock "0:00:03"]

1. e4 c5 2. Nf3 e6 3. d4 cxd4 4. Nxd4 Nf6 5. Nc3 Nc6 6. Ndb5 Bb4 7. a3 Bxc3+ 8. Nxc3 d5 9. exd5 exd5 10. Bd3 O-O 11. O-O d4 12. Ne4 Bf5 13. Bg5 Bxe4 14. Bxe4 h6 15. Bxf6 Qxf6 16. Re1 Rfe8 17. Qf3 Qd6 18. Re2 Re5 19. Rae1 Rae8 20. b4 Nd8 21. Qg3 f6 22. Qg6 Qe6 23. f4 Rb5 24. Bd5 1-0


[Site "https://www.chess.com"]

[Event "Titled Tuesday Blitz February 07 Late 2023"]
[White "Koutlas, Nikolaos"]
[Black "Zierk, Steven"]
[WhiteFideId "25827138"]
[BlackFideId "2034255"]
[WhiteElo "2341"]
[BlackElo "2488"]
[Result "0-1"]
[Round "05"]
[TimeControl "180+2"]
[Date "2023.02.07"]
[WhiteClock "0:00:44"]
[BlackClock "0:01:28"]

1. c4 e6 2. Nc3 f5 3. g3 Bb4 4. Qb3 c5 5. Nb5 d6 6. Qd3 Ke7 7. Bg2 Nc6 8. Nf3 e5 9. Nh4 e4 10. Qd5 g6 11. Bxe4 Nf6 12. Qd3 fxe4 13. Qe3 a6 14. Nc3 Nd4 15. Nd5+ Kf7 16. O-O Nc2 17. Qf4 Nxa1 18. a3 h6 19. Nxg6 Kxg6 20. axb4 Nxd5 21. cxd5 Qf6 22. Qxe4+ Bf5 23. Qc4 b5 24. Qa2 Nc2 25. bxc5 dxc5 26. d3 Bh3 27. Rd1 Rhf8 28. f3 Qd4+ 29. e3 Nxe3 0-1


[Site "https://www.chess.com"]

[Event "Titled Tuesday Blitz February 07 Late 2023"]
[White "Indjic, Aleksandar"]
[Black "Vovk, Orest"]
[WhiteFideId "911925"]
[BlackFideId "14113490"]
[WhiteElo "2618"]
[BlackElo "2315"]
[Result "1-0"]
[Round "05"]
[TimeControl "180+2"]
[Date "2023.02.07"]
[WhiteClock "0:00:50"]
[BlackClock "0:00:19"]

1. a3 g5 2. d4 h6 3. e4 Bg7 4. h4 g4 5. c3 d5 6. e5 c5 7. b4 cxd4 8. cxd4 Nc6 9. Be3 Qb6 10. Nc3 Be6 11. Rc1 g3 12. f4 h5 13. Nge2 Nh6 14. Nxg3 Ng4 15. Bg1 f5 16. Bd3 Kf7 17. Nxf5 Bxf5 18. Bxf5 e6 19. Bxg4 hxg4 20. Qxg4 Rag8 21. Qd1 Bh6 22. g4 Ke7 23. Na4 Qb5 24. Be3 Rxg4 25. Nc3 Qc4 26. Qxg4 Nxd4 27. Bxd4 Qxd4 28. Ne2 Qe4 29. Rh3 d4 30. Qf3 1-0


[Site "https://www.chess.com"]

[Event "Titled Tuesday Blitz February 07 Late 2023"]
[White "Dragomirescu, Angela"]
[Black "Ozen, Bahadir"]
[WhiteFideId "1209914"]
[BlackFideId "6337058"]
[WhiteElo "2130"]
[BlackElo "2369"]
[Result "0-1"]
[Round "05"]
[TimeControl "180+2"]
[Date "2023.02.07"]
[WhiteClock "0:00:15"]
[BlackClock "0:00:13"]

1. e4 g6 2. d4 Bg7 3. Nc3 e6 4. f4 Ne7 5. Nf3 a6 6. Bd3 b5 7. Qe2 Nbc6 8. e5 Bb7 9. Ne4 Nb4 10. Nc5 Nxd3+ 11. Qxd3 Bd5 12. b3 d6 13. Ne4 O-O 14. Be3 b4 15. Bf2 Bxe4 16. Qxe4 Qd7 17. g4 Qc6 18. Qxc6 Nxc6 19. O-O-O Ne7 20. h4 Nd5 21. f5 exf5 22. gxf5 gxf5 23. Rdg1 Kh8 24. h5 Bh6+ 25. Kb2 Rae8 26. Re1 Rg8 27. Nh4 Bd2 28. Re2 Bc3+ 29. Kc1 Nf4 30. Rd2 Bxd2+ 31. Kxd2 dxe5 32. dxe5 Ne6 33. Nxf5 Rg2 34. Ke2 Rd8 35. Kf3 Rg5 36. Nh6 Kg7 37. Ng4 Rf5+ 38. Kg2 Rd2 39. Kg1 Rg5 40. Rh4 Nd4 41. Kf1 Nf5 42. Ne3 Rxf2+ 0-1


[Site "https://www.chess.com"]

[Event "Titled Tuesday Blitz February 07 Late 2023"]
[White "Papayan, Oleg"]
[Black "Pakleza, Zbigniew"]
[WhiteFideId "4193911"]
[BlackFideId "1119290"]
[WhiteElo "2253"]
[BlackElo "2494"]
[Result "1/2-1/2"]
[Round "05"]
[TimeControl "180+2"]
[Date "2023.02.07"]
[WhiteClock "0:00:07"]
[BlackClock "0:00:03"]

1. d4 d6 2. Nf3 Bg4 3. e4 Nf6 4. Nc3 e6 5. h3 Bh5 6. Be2 Be7 7. O-O d5 8. exd5 exd5 9. Bf4 O-O 10. Re1 c6 11. Ne5 Bxe2 12. Nxe2 Re8 13. Ng3 Nbd7 14. c3 g6 15. Qd2 Nf8 16. Nd3 Ne6 17. Be5 Nd7 18. Re2 Bg5 19. Qc2 Bh4 20. Rae1 Nxe5 21. Rxe5 Bxg3 22. fxg3 Ng7 23. Rxe8+ Nxe8 24. Qe2 Nd6 25. Qe5 Ne4 26. Nf2 Nf6 27. Nd3 Ne4 28. Nf2 Nd6 29. Ng4 Nf5 30. Nf6+ Kf8 31. Nxh7+ Kg8 32. Nf6+ Kf8 33. Ng4 Kg8 34. Qf4 Qd6 35. Nh6+ Kh7 36. Nxf5 Qxf4 37. gxf4 gxf5 38. Re7 Kg6 39. Rxb7 a5 40. Rc7 Ra6 41. Kf2 a4 42. b4 axb3 43. axb3 f6 44. Kf3 Ra3 45. Rxc6 Rxb3 46. Rc5 Ra3 47. Ke3 Ra1 48. Kf3 Re1 49. Kf2 Rc1 50. g3 Rc2+ 51. Kf3 Rc1 52. g4 Rf1+ 53. Kg3 Rc1 54. gxf5+ Kxf5 55. Rxd5+ Ke4 56. Rc5 Rg1+ 57. Kf2 Rh1 58. Kg2 Rc1 59. f5 Kf4 60. Kf2 Rc2+ 61. Ke1 Rh2 62. Rc6 Kxf5 63. c4 Ke4 64. Rxf6 Kxd4 65. Rf4+ Kc5 66. h4 Ra2 67. Kf1 Rb2 68. Kg1 Kd6 69. h5 Ke5 70. Rh4 Rb7 71. h6 Rh7 72. Kf2 Kf5 73. Ke3 Kg5 74. Rh2 Kg6 75. Kd4 Rd7+ 76. Ke5 Kh7 77. c5 Rd2 78. c6 Rxh2 79. Kd6 Rd2+ 80. Ke7 Kxh6 81. c7 Rc2 82. Kd7 Rxc7+ 83. Kxc7 1/2-1/2


[Site "https://www.chess.com"]

[Event "Titled Tuesday Blitz February 07 Late 2023"]
[White "Timmermans, Mark"]
[Black "Bas Mas, Jose Joaquin"]
[WhiteFideId "1026399"]
[BlackFideId "22219064"]
[WhiteElo "2392"]
[BlackElo "2197"]
[Result "1-0"]
[Round "05"]
[TimeControl "180+2"]
[Date "2023.02.07"]
[WhiteClock "0:01:04"]
[BlackClock "0:00:01"]

1. e4 e6 2. d3 d5 3. Qe2 Ne7 4. g3 c5 5. Bg2 Nbc6 6. Nf3 g6 7. h4 h6 8. O-O Bg7 9. c3 b6 10. e5 Qc7 11. Re1 a5 12. Bf4 a4 13. d4 Ba6 14. Qe3 Na5 15. Nbd2 Nf5 16. Nh2 Nxe3 17. fxe3 O-O 18. Ng4 Kh7 19. e4 cxd4 20. cxd4 Nc4 21. Rac1 Qd7 22. exd5 exd5 23. Bh3 Qe7 24. Nf3 Nxb2 25. e6 f5 26. Rc7 Qxc7 27. Bxc7 fxg4 28. Bxg4 h5 29. Ng5+ Kg8 30. e7 Bxd4+ 31. Kh1 hxg4 32. Ne6 Rf2 33. Bd8 Bb5 34. Nc7 Bc6 35. e8=Q+ Bxe8 36. Rxe8+ Kf7 37. Re7+ Kg8 38. Nxa8 Bf6 39. Rd7 Nd3 40. Rxd5 Rd2 41. Kg1 1-0


[Site "https://www.chess.com"]

[Event "Titled Tuesday Blitz February 07 Late 2023"]
[White "Wang, Jalen"]
[Black "Danielyan, Vahe"]
[WhiteFideId "2078058"]
[BlackFideId "13304828"]
[WhiteElo "2136"]
[BlackElo "2346"]
[Result "0-1"]
[Round "05"]
[TimeControl "180+2"]
[Date "2023.02.07"]
[WhiteClock "0:02:03"]
[BlackClock "0:00:18"]

1. d4 Nf6 2. Bf4 g6 3. e3 Bg7 4. Nc3 b6 5. h4 Bb7 6. h5 Nxh5 7. Rxh5 gxh5 8. Qxh5 e6 9. Nf3 h6 10. O-O-O d6 11. Qg4 Bf6 12. e4 Nd7 13. e5 Bxf3 14. gxf3 Bg5 15. exd6 cxd6 16. Ne4 Nf6 17. Bb5+ Kf8 18. Qg3 Nxe4 19. fxe4 Bxf4+ 20. Qxf4 Qg5 21. Qd2 Qxd2+ 22. Kxd2 h5 23. Rh1 h4 24. Rh3 Ke7 25. c4 Rag8 26. Ke3 Rg1 27. b3 Ra1 28. a4 Ra3 29. Kf4 f6 30. Bc6 e5+ 31. dxe5 dxe5+ 32. Kf5 Ra2 33. Rh2 Rg8 34. Bd5 Rg5# 0-1


[Site "https://www.chess.com"]

[Event "Titled Tuesday Blitz February 07 Late 2023"]
[White "Cardoso Cardoso, Jose Gabriel"]
[Black "Iljin, Timofey"]
[WhiteFideId "4430492"]
[BlackFideId "14110180"]
[WhiteElo "2492"]
[BlackElo "2329"]
[Result "1-0"]
[Round "05"]
[TimeControl "180+2"]
[Date "2023.02.07"]
[WhiteClock "0:01:49"]
[BlackClock "0:00:01"]

1. c4 e6 2. Nc3 d5 3. e3 Nf6 4. Nf3 Bd6 5. b3 b6 6. Bb2 Bb7 7. cxd5 exd5 8. Rc1 c5 9. d4 O-O 10. Be2 Nc6 11. dxc5 bxc5 12. Nxd5 Nxd5 13. Qxd5 Qe7 14. Qg5 f6 15. Qh4 Nb4 16. a3 Nd5 17. Rd1 Kh8 18. Bd3 h6 19. Qe4 f5 20. Qxe7 Bxe7 21. Bc4 Nb6 22. Ne5 Kh7 23. Nd7 Nxc4 24. Nxf8+ Bxf8 25. bxc4 Bxg2 26. Rg1 Bf3 27. Rd7 Rb8 28. Rgxg7+ Bxg7 29. Rxg7+ Kh8 30. Rb7+ Kg8 31. Rxb8+ Kf7 32. Be5 Ke6 33. Bf4 h5 34. Rc8 h4 35. Rxc5 h3 36. Re5+ Kf6 37. c5 Bg2 38. Kd2 a6 39. Kc3 Be4 40. Kb4 Bd3 41. Ka5 Bb5 42. Kb6 Bc4 43. c6 Kf7 44. c7 Be6 45. Rxe6 Kxe6 46. c8=Q+ Kf6 47. Qc6+ Kf7 48. Kxa6 Kg7 49. Kb5 Kf7 50. a4 Kg7 51. a5 Kh7 52. a6 Kg7 53. a7 Kf7 54. a8=Q Kg7 55. Qab7+ Kg8 56. Qcc8# 1-0


[Site "https://www.chess.com"]

[Event "Titled Tuesday Blitz February 07 Late 2023"]
[White "Wieczorek, Oskar"]
[Black "Vega Gutierrez, Sabrina"]
[WhiteFideId "1133950"]
[BlackFideId "2219026"]
[WhiteElo "2512"]
[BlackElo "2377"]
[Result "0-1"]
[Round "05"]
[TimeControl "180+2"]
[Date "2023.02.07"]
[WhiteClock "0:00:04"]
[BlackClock "0:00:03"]

1. g3 d5 2. Bg2 Nf6 3. b3 e5 4. Bb2 Nc6 5. e3 Bd6 6. h3 O-O 7. Ne2 Re8 8. d3 a5 9. a3 h5 10. Nd2 Ne7 11. Kf1 Ng6 12. Kg1 c6 13. Nf1 Qe7 14. Nd2 Bc7 15. Qb1 b5 16. Qf1 Bd7 17. Nf3 e4 18. Nd2 Be5 19. Bxe5 Qxe5 20. d4 Qd6 21. Qc1 Bf5 22. Qb2 Nh7 23. Qc3 Ng5 24. Nf1 Qf6 25. Rd1 Nf3+ 26. Bxf3 exf3 27. Nc1 h4 28. g4 Be4 29. Nd3 b4 30. axb4 axb4 31. Qxb4 Ra2 32. Qc3 c5 33. Qxc5 Qa6 34. Nb4 Qa3 35. Nxa2 Qxa2 36. Qc3 Qa6 37. Ra1 Qe6 38. Ra7 Rc8 39. Rc7 Ra8 40. Qc5 Ra1 41. Rc8+ Kh7 42. Qc7 Qa6 43. c4 Qa2 0-1


[Site "https://www.chess.com"]

[Event "Titled Tuesday Blitz February 07 Late 2023"]
[White "Preotu, Razvan"]
[Black "Matko, Ognjen"]
[WhiteFideId "2613280"]
[BlackFideId "14509717"]
[WhiteElo "2475"]
[BlackElo "2295"]
[Result "1-0"]
[Round "05"]
[TimeControl "180+2"]
[Date "2023.02.07"]
[WhiteClock "0:00:03"]
[BlackClock "0:00:03"]

1. e4 e5 2. Nf3 Nc6 3. Bc4 Bc5 4. c3 Nf6 5. d3 d6 6. O-O a6 7. a4 Ba7 8. Re1 O-O 9. h3 h6 10. Nbd2 Qe7 11. b4 Be6 12. Bxe6 fxe6 13. Nf1 Nh5 14. Be3 Qf7 15. b5 Bxe3 16. fxe3 Ne7 17. Qb3 a5 18. d4 Qg6 19. N1d2 Rf7 20. dxe5 Raf8 21. Rf1 Ng3 22. Rf2 Nxe4 23. Nxe4 Rxf3 24. exd6 Nd5 25. Rxf3 Rxf3 26. d7 Rf8 27. Nc5 b6 28. Nb7 Nxe3 29. Qa2 Qd3 30. d8=Q Rxd8 31. Nxd8 Nc4 32. Nxe6 Qe3+ 33. Kh1 Qxe6 34. Rf1 Qe4 35. Qf2 Ne3 36. Re1 Ng4 37. hxg4 Qxg4 38. Qd4 Qg3 39. Re8+ Kh7 40. Qe4+ g6 41. Qe7# 1-0


[Site "https://www.chess.com"]

[Event "Titled Tuesday Blitz February 07 Late 2023"]
[White "Urbina Perez, Juan Antonio"]
[Black "Starozhilov, Leonid"]
[WhiteFideId "2217368"]
[BlackFideId "14106752"]
[WhiteElo "2266"]
[BlackElo "2313"]
[Result "0-1"]
[Round "05"]
[TimeControl "180+2"]
[Date "2023.02.07"]
[WhiteClock "0:01:56"]
[BlackClock "0:01:26"]

1. e4 Nc6 2. d4 d6 3. c3 Nf6 4. Bd3 e5 5. Nf3 Bg4 6. Be3 d5 7. exd5 Nxd5 8. Nbd2 exd4 9. Bxd4 Nxd4 10. cxd4 Qe7+ 11. Qe2 Qxe2+ 12. Bxe2 Nf4 13. h3 Bh5 14. O-O Nxe2+ 15. Kh2 O-O-O 16. Rfe1 Nxd4 17. Ne5 Bd6 0-1


[Site "https://www.chess.com"]

[Event "Titled Tuesday Blitz February 07 Late 2023"]
[White "Mazurkiewicz, Michal"]
[Black "Nefedov, Sergey"]
[WhiteFideId "1124943"]
[BlackFideId "24113417"]
[WhiteElo "2145"]
[BlackElo "2300"]
[Result "1-0"]
[Round "05"]
[TimeControl "180+2"]
[Date "2023.02.07"]
[WhiteClock "0:00:22"]
[BlackClock "0:00:03"]

1. e4 d5 2. exd5 Qxd5 3. d3 e5 4. Nc3 Qd8 5. g3 Nc6 6. Bg2 Nf6 7. Nf3 Bc5 8. O-O O-O 9. Bg5 h6 10. Bxf6 Qxf6 11. Ne4 Qe7 12. Nxc5 Qxc5 13. c3 Bg4 14. Qb3 Qb6 15. Rfe1 Rfe8 16. Nd2 Rad8 17. Nc4 Qxb3 18. axb3 f6 19. Bxc6 bxc6 20. Rxa7 Rxd3 21. Rxc7 Bf3 22. Ne3 Rd2 23. Nf5 Red8 24. Rxg7+ Kh8 25. Nh4 Kxg7 26. Nxf3 Rxb2 27. Ra1 Rxb3 28. Ra7+ Kf8 29. Nh4 Rd1+ 30. Kg2 Rxc3 31. Nf5 c5 32. Nxh6 Ke8 33. Ng4 Rd6 34. h4 Rc1 35. h5 1-0


[Site "https://www.chess.com"]

[Event "Titled Tuesday Blitz February 07 Late 2023"]
[White "Prydun, Andriy"]
[Black "Papasimakopoulos, Alexandros"]
[WhiteFideId "14145898"]
[BlackFideId "4244125"]
[WhiteElo "2134"]
[BlackElo "2401"]
[Result "0-1"]
[Round "05"]
[TimeControl "180+2"]
[Date "2023.02.07"]
[WhiteClock "0:00:02"]
[BlackClock "0:01:08"]

1. e4 e6 2. d4 d5 3. Nd2 Nf6 4. e5 Nfd7 5. Bd3 c5 6. c3 Nc6 7. Ne2 cxd4 8. cxd4 f6 9. O-O fxe5 10. dxe5 Ndxe5 11. Bc2 Bd6 12. b4 Nxb4 13. Bb1 O-O 14. Bb2 Qh4 15. h3 Ng4 16. Qe1 Bh2+ 17. Kh1 Rxf2 18. Nd4 Qg3 19. Rg1 Bxg1 20. Qxg1 Rxd2 21. Nf3 Nf2+ 0-1


[Site "https://www.chess.com"]

[Event "Titled Tuesday Blitz February 07 Late 2023"]
[White "Rosen, Eric"]
[Black "Rodriguez Fontecha, Marcos"]
[WhiteFideId "2032562"]
[BlackFideId "2256576"]
[WhiteElo "2349"]
[BlackElo "2309"]
[Result "1-0"]
[Round "05"]
[TimeControl "180+2"]
[Date "2023.02.07"]
[WhiteClock "0:00:06"]
[BlackClock "0:00:01"]

1. e4 e6 2. d4 d5 3. e5 c5 4. c3 Nc6 5. Nf3 Qb6 6. Bd3 cxd4 7. O-O Bd7 8. Re1 Nge7 9. h4 Nf5 10. Bxf5 exf5 11. cxd4 Be7 12. Nc3 Be6 13. Ne2 O-O-O 14. Nf4 h6 15. h5 Kb8 16. Re3 Rc8 17. Rb3 Qa6 18. Bd2 Na5 19. Rc3 Nc4 20. b3 Na3 21. Rac1 Nb5 22. Rxc8+ Rxc8 23. a4 Rxc1 24. Qxc1 Nc7 25. Qc2 Qc6 26. Qxc6 bxc6 27. Nd3 Bc8 28. Kh2 Ba6 29. Nb4 Bb7 30. Nc2 c5 31. dxc5 Bxc5 32. Kg3 Ne6 33. b4 Be7 34. Nfd4 f4+ 35. Bxf4 Bh4+ 36. Kf3 Nxf4 37. Kxf4 Bxf2 38. Nf5 g5+ 39. hxg6 fxg6 40. Nxh6 d4 41. Ng4 d3 42. Nce3 Bg1 43. e6 Kc7 44. Ne5 d2 45. Nd1 Kd6 46. e7 Kxe7 47. Nxg6+ Kd6 48. g3 Kd5 49. Ne5 Kd4 50. Nf3+ Bxf3 51. Kxf3 Kd3 52. g4 Bd4 53. g5 Be5 54. b5 Bd4 55. g6 Bg7 56. a5 Kc4 57. b6 axb6 58. axb6 1-0


[Site "https://www.chess.com"]

[Event "Titled Tuesday Blitz February 07 Late 2023"]
[White "Di Berardino, Diego Rafael"]
[Black "Gutkin, Ilya"]
[WhiteFideId "2105446"]
[BlackFideId "16203470"]
[WhiteElo "2479"]
[BlackElo "2273"]
[Result "1-0"]
[Round "05"]
[TimeControl "180+2"]
[Date "2023.02.07"]
[WhiteClock "0:00:47"]
[BlackClock "0:00:15"]

1. e4 e6 2. d3 d5 3. Nd2 Nf6 4. Ngf3 b6 5. c3 Ba6 6. Be2 Nbd7 7. e5 Ng4 8. d4 Bxe2 9. Qxe2 c5 10. h3 Nh6 11. O-O Nf5 12. g4 Nh4 13. Nxh4 Qxh4 14. Kg2 h5 15. Nf3 Qd8 16. Bf4 Be7 17. Bg3 Qc7 18. a4 Qc6 19. Rfc1 c4 20. Nd2 hxg4 21. hxg4 Nf8 22. b3 cxb3 23. Nxb3 Ng6 24. Qb5 O-O-O 25. Qxc6+ 1-0


[Site "https://www.chess.com"]

[Event "Titled Tuesday Blitz February 07 Late 2023"]
[White "Dudzinski, Pawel"]
[Black "Martynov, Pavel"]
[WhiteFideId "1117890"]
[BlackFideId "4101260"]
[WhiteElo "2186"]
[BlackElo "2414"]
[Result "1-0"]
[Round "05"]
[TimeControl "180+2"]
[Date "2023.02.07"]
[WhiteClock "0:00:37"]
[BlackClock "0:00:14"]

1. e4 c5 2. c4 e6 3. Nc3 Nc6 4. g3 g6 5. Bg2 Bg7 6. Rb1 Nge7 7. a3 d6 8. Nge2 O-O 9. b4 Nd4 10. d3 Nec6 11. Nxd4 Nxd4 12. Ne2 Nxe2 13. Qxe2 e5 14. f4 b6 15. f5 gxf5 16. exf5 Bxf5 17. O-O Bg6 18. Bxa8 Qxa8 19. Bg5 d5 20. Rbd1 e4 21. dxe4 Bxe4 22. cxd5 Bxd5 23. Bf6 Be6 24. Bxg7 Kxg7 25. Qe5+ Kg8 26. Qg5+ Kh8 27. Qf6+ Kg8 28. Rde1 Qd5 29. Re5 Qd4+ 30. Kg2 Rd8 31. Rg5+ Kf8 32. Qxe6 Qd2+ 33. Kh3 Rd7 34. Qh6+ Ke8 35. Rg8+ 1-0


[Site "https://www.chess.com"]

[Event "Titled Tuesday Blitz February 07 Late 2023"]
[White "Diaz Perez, Michel Alejandro"]
[Black "Bilan, Danila"]
[WhiteFideId "3517179"]
[BlackFideId "24161918"]
[WhiteElo "2414"]
[BlackElo "2303"]
[Result "0-1"]
[Round "05"]
[TimeControl "180+2"]
[Date "2023.02.07"]
[WhiteClock "0:00:02"]
[BlackClock "0:00:12"]

1. Nf3 d5 2. c4 c6 3. e3 Nf6 4. b3 Bf5 5. Bb2 e6 6. Be2 h6 7. O-O Bd6 8. Nc3 O-O 9. Rc1 Nbd7 10. d3 Qe7 11. cxd5 exd5 12. h3 Ba3 13. Qd2 Rfe8 14. Rfe1 a5 15. Bf1 Bxb2 16. Qxb2 Ne5 17. Nxe5 Qxe5 18. Qd2 Re7 19. Na4 Nd7 20. e4 dxe4 21. dxe4 Bg6 22. f4 Qc7 23. e5 Rd8 24. Qf2 Bf5 25. g4 Be6 26. Rcd1 Bd5 27. Rd2 f6 28. exf6 Nxf6 29. Rxe7 Qxe7 30. Re2 Qb4 31. Bg2 Rf8 32. Nc5 Bxg2 33. Kxg2 Nd5 34. Ne6 Nxf4+ 35. Nxf4 Qxf4 36. Qxf4 Rxf4 37. Re8+ Rf8 38. Re7 Rf7 39. Re8+ Rf8 40. Re7 Rf7 41. Re5 b6 42. Re8+ Rf8 43. Re6 Rc8 44. Re7 c5 45. Rb7 Rc6 46. Kf3 Re6 47. Kf4 Kh7 48. h4 Kg6 49. a4 Kf6 50. h5 Rd6 51. Ke4 Rd4+ 52. Kf3 Rb4 53. Ke3 Rxb3+ 54. Ke4 Rb4+ 55. Kd5 Rxa4 56. Rxb6+ Kf7 57. g5 hxg5 58. Rg6 g4 59. Kxc5 Rf4 60. Kb5 Rf5+ 61. Ka4 Rxh5 62. Rxg4 Rf5 63. Kb3 g5 64. Kc3 Kg6 65. Kd3 Rf4 66. Rg1 g4 67. Ke3 Kg5 68. Rb1 Rf3+ 69. Ke2 a4 70. Rb5+ Kh4 71. Rb8 a3 72. Ra8 Rb3 73. Kf2 Rb2+ 74. Ke3 a2 75. Kf4 Rf2+ 76. Ke3 Kg3 77. Ke4 Kg2 78. Ke3 g3 79. Ra7 Rb2 80. Kf4 Kf2 81. Ke4 g2 82. Rf7+ Ke1 0-1


[Site "https://www.chess.com"]